2819 views
Uploaded 2019-12-01 20:57:14
Game version 1.32.0.3 / 1.32.0.3.1
41:02 long 4on4 ladder game on (8)TwilightRuins_LV
Saved by BEARAND
2819 views
Uploaded 2019-12-01 20:57:14
Game version 1.32.0.3 / 1.32.0.3.1
41:02 long 4on4 ladder game on (8)TwilightRuins_LV


246 units @ 42k
/ 6.9k
82 buildings @ 14k
/ 5.8k


| Claws of Attack +6 | 1 | 125 |
| total: | 1 | 125g |
| Acolyte | 8 | 600 | / | 0 |
| Ghoul | 7 | 840 | / | 0 |
| Crypt Fiend | 5 | 1075 | / | 200 |
| Gargoyle | 21 | 3675 | / | 630 |
| Necromancer | 5 | 725 | / | 100 |
| Frost Wyrm | 16 | 6160 | / | 1920 |
| Archer | 8 | 1040 | / | 80 |
| Glaive Thrower | 3 | 630 | / | 195 |
| Chimaera | 10 | 3300 | / | 700 |
| total: | 83 | 18045g | / | 3825w |
| Nerubian Tower | 1 | 100 | / | 20 |
| Spirit Tower | 3 | 435 | / | 120 |
| Ziggurat | 9 | 1350 | / | 450 |
| Altar of Darkness | 1 | 180 | / | 50 |
| Crypt | 1 | 200 | / | 50 |
| Graveyard | 1 | 215 | / | 0 |
| Temple of the Damned | 1 | 155 | / | 140 |
| Sacrificial Pit | 1 | 75 | / | 150 |
| Boneyard | 1 | 175 | / | 200 |
| Halls of the Dead | 1 | 320 | / | 210 |
| Black Citadel | 1 | 325 | / | 230 |
| total: | 15 | 2350g | / | 1040w |
| 0:05 | Acolyte |
| 0:05 | Acolyte |
| 0:07 | Acolyte |
| 0:12 | Ziggurat |
| 0:26 | Altar of Darkness |
| 0:56 | Crypt |
| 1:58 | Ghoul |
| 1:58 | Ghoul |
| 2:09 | Ziggurat |
| 2:47 | Ghoul |
| 2:48 | Ghoul |
| 2:53 | Vampiric Aura |
| 3:07 | Ghoul |
| 3:13 | Ziggurat |
| 3:30 | Graveyard |
| 3:38 | Ghoul |
| 3:58 | Nerubian Tower |
| 4:00 | Halls of the Dead |
| 4:05 | Ghoul |
| 5:25 | Crypt Fiend |
| 5:25 | Crypt Fiend |
| 5:25 | Crypt Fiend |
| 6:11 | Spirit Tower |
| 6:13 | Spirit Tower |
| 6:39 | Temple of the Damned |
| 6:59 | Gargoyle |
| 6:59 | Gargoyle |
| 6:59 | Gargoyle |
| 6:59 | Gargoyle |
| 7:14 | Creature Attack |
| 7:53 | Necromancer Adept Training |
| 7:54 | Necromancer |
| 7:54 | Necromancer |
| 8:12 | Carrion Swarm |
| 8:39 | Ziggurat |
| 8:48 | Improved Creature Attack |
| 8:58 | Black Citadel |
| 10:14 | Skeletal Mastery |
| 10:25 | Spirit Tower |
| 11:09 | Necromancer |
| 11:20 | Necromancer Master Training |
| 11:31 | Ziggurat |
| 11:40 | Ziggurat |
| 11:44 | Frost Nova |
| 11:53 | Necromancer |
| 12:39 | Claws of Attack +6 |
| 13:13 | Necromancer |
| 13:15 | Gargoyle |
| 13:15 | Gargoyle |
| 13:16 | Crypt Fiend |
| 13:18 | Crypt Fiend |
| 13:37 | Vampiric Aura |
| 15:00 | Sacrificial Pit |
| 15:45 | Advanced Creature Attack |
| 15:59 | Boneyard |
| 17:27 | Frost Wyrm |
| 17:27 | Frost Wyrm |
| 17:27 | Frost Wyrm |
| 17:28 | Frost Wyrm |
| 19:05 | Frost Armor |
| 20:06 | Creature Carapace |
| 20:32 | Acolyte |
| 20:33 | Acolyte |
| 20:33 | Acolyte |
| 20:33 | Acolyte |
| 20:33 | Acolyte |
| 20:42 | Frost Wyrm |
| 20:42 | Frost Wyrm |
| 23:21 | Frost Wyrm |
| 23:21 | Frost Wyrm |
| 23:27 | Gargoyle |
| 23:27 | Gargoyle |
| 23:27 | Gargoyle |
| 23:27 | Gargoyle |
| 23:27 | Gargoyle |
| 23:28 | Gargoyle |
| 23:50 | Archer |
| 23:50 | Archer |
| 23:50 | Archer |
| 23:50 | Archer |
| 23:50 | Archer |
| 23:51 | Archer |
| 23:51 | Archer |
| 23:51 | Archer |
| 23:54 | Glaive Thrower |
| 23:54 | Glaive Thrower |
| 23:54 | Glaive Thrower |
| 24:01 | Chimaera |
| 24:01 | Chimaera |
| 24:01 | Chimaera |
| 24:01 | Chimaera |
| 24:01 | Chimaera |
| 24:02 | Chimaera |
| 24:02 | Chimaera |
| 24:03 | Chimaera |
| 24:03 | Chimaera |
| 24:03 | Chimaera |
| 25:00 | Ziggurat |
| 25:03 | Ziggurat |
| 25:05 | Ziggurat |
| 25:10 | Frost Wyrm |
| 25:14 | Gargoyle |
| 26:16 | Frost Wyrm |
| 26:16 | Freezing Breath |
| 27:01 | Gargoyle |
| 27:01 | Gargoyle |
| 27:02 | Gargoyle |
| 27:03 | Gargoyle |
| 27:39 | Frost Wyrm |
| 27:59 | Frost Wyrm |
| 29:42 | Carrion Swarm |
| 33:57 | Frost Wyrm |
| 33:57 | Frost Wyrm |
| 33:59 | Frost Wyrm |
| 33:59 | Frost Wyrm |
| 34:00 | Gargoyle |
| 34:01 | Gargoyle |
| 34:01 | Gargoyle |
| 34:01 | Gargoyle |
| Right click | 1489 |
| Select | 348 |
| Build/train/purchase | 114 |
| Use ability | 17 |
| Remove unit | 2 |
| Item give/drop | 1 |
| Minimap ping | 1 |

| Wisp | 17 | 1020 | / | 0 |
| Archer | 28 | 3640 | / | 280 |
| Huntress | 19 | 3705 | / | 380 |
| Glaive Thrower | 7 | 1470 | / | 455 |
| Hippogryph | 2 | 320 | / | 40 |
| Chimaera | 2 | 660 | / | 140 |
| total: | 75 | 10815g | / | 1295w |
| Ancient Protector | 6 | 810 | / | 480 |
| Altar of Elders | 1 | 180 | / | 50 |
| Moon Well | 10 | 1800 | / | 400 |
| Ancient of War | 2 | 300 | / | 120 |
| Hunter's Hall | 1 | 210 | / | 100 |
| Tree of Life | 1 | 340 | / | 185 |
| Ancient of Wind | 1 | 150 | / | 140 |
| Chimaera Roost | 1 | 140 | / | 190 |
| Tree of Ages | 2 | 640 | / | 360 |
| Tree of Eternity | 1 | 330 | / | 200 |
| total: | 23 | 3930g | / | 1665w |
| 0:03 | Wisp |
| 0:04 | Wisp |
| 0:12 | Altar of Elders |
| 0:29 | Moon Well |
| 0:38 | Wisp |
| 0:47 | Wisp |
| 0:56 | Wisp |
| 1:14 | Ancient of War |
| 1:21 | Wisp |
| 1:35 | Moon Well |
| 1:49 | Wisp |
| 2:12 | Ancient of War |
| 2:17 | Archer |
| 2:23 | Trueshot Aura |
| 2:26 | Wisp |
| 2:26 | Wisp |
| 2:34 | Moon Well |
| 2:39 | Archer |
| 2:54 | Archer |
| 3:20 | Archer |
| 3:22 | Archer |
| 3:40 | Moon Well |
| 3:57 | Archer |
| 4:46 | Hunter's Hall |
| 4:50 | Tree of Ages |
| 4:52 | Archer |
| 5:20 | Searing Arrows |
| 5:38 | Archer |
| 5:41 | Archer |
| 5:58 | Strength of the Moon |
| 6:10 | Archer |
| 6:11 | Archer |
| 6:55 | Huntress |
| 6:57 | Huntress |
| 7:00 | Moon Armor |
| 7:11 | Wisp |
| 7:12 | Wisp |
| 7:13 | Wisp |
| 7:20 | Ancient Protector |
| 7:25 | Moon Glaive |
| 7:26 | Improved Bows |
| 8:27 | Ancient Protector |
| 8:32 | Huntress |
| 8:42 | Moon Well |
| 8:45 | Moon Well |
| 8:53 | Improved Strength of the Moon |
| 9:39 | Nature's Blessing |
| 9:46 | Huntress |
| 9:48 | Huntress |
| 10:45 | Ancient Protector |
| 10:49 | Improved Moon Armor |
| 11:11 | Trueshot Aura |
| 12:03 | Huntress |
| 12:05 | Archer |
| 12:09 | Tree of Eternity |
| 12:44 | Tree of Life |
| 12:59 | Archer |
| 13:01 | Archer |
| 14:00 | Archer |
| 14:02 | Archer |
| 14:02 | Archer |
| 14:14 | Searing Arrows |
| 15:05 | Advanced Strength of the Moon |
| 15:07 | Marksmanship |
| 15:09 | Archer |
| 15:10 | Archer |
| 15:36 | Wisp |
| 15:36 | Wisp |
| 15:36 | Wisp |
| 17:27 | Glaive Thrower |
| 17:28 | Glaive Thrower |
| 17:29 | Glaive Thrower |
| 17:33 | Glaive Thrower |
| 19:34 | Archer |
| 19:34 | Archer |
| 19:35 | Huntress |
| 19:35 | Huntress |
| 19:52 | Advanced Moon Armor |
| 22:10 | Trueshot Aura |
| 22:32 | Huntress |
| 22:32 | Huntress |
| 22:33 | Huntress |
| 22:34 | Glaive Thrower |
| 22:35 | Glaive Thrower |
| 22:35 | Glaive Thrower |
| 23:46 | Ancient Protector |
| 23:50 | Ancient Protector |
| 25:10 | Huntress |
| 25:12 | Huntress |
| 26:04 | Huntress |
| 26:05 | Huntress |
| 26:06 | Huntress |
| 26:06 | Huntress |
| 28:04 | Archer |
| 28:05 | Archer |
| 28:21 | Ancient Protector |
| 28:32 | Huntress |
| 28:35 | Archer |
| 29:53 | Archer |
| 29:59 | Archer |
| 30:40 | Archer |
| 30:42 | Archer |
| 31:01 | Huntress |
| 31:26 | Wisp |
| 31:27 | Wisp |
| 31:42 | Well Spring |
| 33:06 | Chimaera Roost |
| 33:16 | Ancient of Wind |
| 33:20 | Tree of Ages |
| 34:26 | Hippogryph |
| 34:33 | Corrosive Breath |
| 35:00 | Moon Well |
| 35:00 | Moon Well |
| 35:01 | Moon Well |
| 35:02 | Moon Well |
| 35:05 | Chimaera |
| 35:22 | Druid of the Talon Adept Training |
| 36:31 | Hippogryph |
| 36:42 | Chimaera |
| Right click | 629 |
| Select | 363 |
| Build/train/purchase | 106 |
| Select group | 106 |
| Assign group | 11 |
| Use ability | 8 |
| Remove unit | 3 |
| Item give/drop | 2 |
| Esc | 1 |

| Orb of Venom | 2 | 650 |
| Potion of Healing | 1 | 150 |
| Scroll of Town Portal | 1 | 350 |
| total: | 4 | 1150g |
| Wisp | 19 | 1140 | / | 0 |
| Archer | 10 | 1300 | / | 100 |
| Hippogryph | 6 | 960 | / | 120 |
| Chimaera | 3 | 990 | / | 210 |
| total: | 38 | 4390g | / | 430w |
| Altar of Elders | 1 | 180 | / | 50 |
| Moon Well | 9 | 1620 | / | 360 |
| Ancient of War | 2 | 300 | / | 120 |
| Hunter's Hall | 2 | 420 | / | 200 |
| Tree of Life | 1 | 340 | / | 185 |
| Ancient of Wonders | 1 | 90 | / | 30 |
| Ancient of Wind | 2 | 300 | / | 280 |
| Chimaera Roost | 3 | 420 | / | 570 |
| Tree of Ages | 1 | 320 | / | 180 |
| Tree of Eternity | 1 | 330 | / | 200 |
| total: | 21 | 3670g | / | 1795w |
| 0:03 | Wisp |
| 0:03 | Wisp |
| 0:08 | Altar of Elders |
| 0:18 | Moon Well |
| 0:21 | Wisp |
| 0:33 | Ancient of War |
| 0:36 | Wisp |
| 0:48 | Wisp |
| 1:01 | Wisp |
| 1:17 | Wisp |
| 1:28 | Moon Well |
| 1:33 | Archer |
| 1:44 | Archer |
| 2:13 | Mana Burn |
| 2:25 | Wisp |
| 2:25 | Wisp |
| 2:29 | Archer |
| 2:55 | Tree of Ages |
| 2:56 | Archer |
| 3:28 | Archer |
| 3:42 | Evasion |
| 3:47 | Archer |
| 3:57 | Moon Well |
| 4:02 | Hunter's Hall |
| 5:28 | Ancient of Wind |
| 5:29 | Ancient of Wind |
| 5:31 | Ancient of War |
| 5:34 | Moon Well |
| 5:36 | Wisp |
| 5:36 | Wisp |
| 5:36 | Wisp |
| 5:36 | Wisp |
| 5:46 | Tree of Life |
| 5:49 | Mana Burn |
| 5:57 | Wisp |
| 6:25 | Improved Bows |
| 6:44 | Hippogryph |
| 6:50 | Ancient of Wonders |
| 8:06 | Hippogryph |
| 8:17 | Wisp |
| 8:18 | Wisp |
| 8:18 | Wisp |
| 8:18 | Wisp |
| 8:18 | Wisp |
| 8:47 | Hippogryph |
| 8:49 | Archer |
| 9:37 | Tree of Eternity |
| 9:40 | Strength of the Moon |
| 10:03 | Hippogryph |
| 10:04 | Archer |
| 10:22 | Scroll of Town Portal |
| 10:33 | Moon Well |
| 10:37 | Moon Well |
| 10:52 | Archer |
| 10:53 | Hippogryph |
| 11:09 | Improved Strength of the Moon |
| 11:34 | Hippogryph |
| 11:35 | Archer |
| 11:41 | Evasion |
| 12:01 | Marksmanship |
| 12:27 | Advanced Strength of the Moon |
| 12:46 | Orb of Venom |
| 13:04 | Nature's Blessing |
| 13:04 | Backpack |
| 13:09 | Moon Armor |
| 14:03 | Hunter's Hall |
| 14:58 | Chimaera Roost |
| 15:04 | Strength of the Wild |
| 15:08 | Chimaera Roost |
| 15:10 | Chimaera Roost |
| 15:12 | Improved Moon Armor |
| 16:12 | Improved Strength of the Wild |
| 16:20 | Moon Well |
| 17:28 | Corrosive Breath |
| 17:29 | Advanced Moon Armor |
| 17:36 | Chimaera |
| 18:29 | Mana Burn |
| 19:34 | Chimaera |
| 19:38 | Chimaera |
| 19:50 | Moon Well |
| 19:54 | Moon Well |
| 19:56 | Advanced Strength of the Wild |
| 19:57 | Reinforced Hides |
| 20:21 | Orb of Venom |
| 20:21 | Potion of Healing |
| Right click | 1532 |
| Select group | 629 |
| Select | 311 |
| Build/train/purchase | 71 |
| Use ability | 27 |
| Assign group | 15 |
| Chat | 13 |
| Misc. action | 9 |
| Minimap ping | 8 |
| Item give/drop | 2 |


| Acolyte | 9 | 675 | / | 0 |
| Ghoul | 12 | 1440 | / | 0 |
| Crypt Fiend | 8 | 1720 | / | 320 |
| Necromancer | 6 | 870 | / | 120 |
| Meat Wagon | 9 | 2070 | / | 450 |
| Chimaera | 6 | 1980 | / | 420 |
| total: | 50 | 8755g | / | 1310w |
| Nerubian Tower | 1 | 100 | / | 20 |
| Spirit Tower | 5 | 725 | / | 200 |
| Altar of Darkness | 1 | 180 | / | 50 |
| Ziggurat | 10 | 1500 | / | 500 |
| Crypt | 1 | 200 | / | 50 |
| Graveyard | 1 | 215 | / | 0 |
| Tomb of Relics | 1 | 130 | / | 30 |
| Necropolis | 4 | 900 | / | 0 |
| Temple of the Damned | 1 | 155 | / | 140 |
| Slaughterhouse | 2 | 280 | / | 270 |
| Halls of the Dead | 1 | 320 | / | 210 |
| Black Citadel | 1 | 325 | / | 230 |
| Ancient Protector | 1 | 135 | / | 80 |
| Tree of Life | 1 | 340 | / | 185 |
| total: | 23 | 4035g | / | 1305w |
| 0:08 | Acolyte |
| 0:12 | Altar of Darkness |
| 0:20 | Ziggurat |
| 0:28 | Acolyte |
| 0:42 | Acolyte |
| 0:55 | Crypt |
| 1:26 | Ziggurat |
| 1:41 | Graveyard |
| 1:58 | Ghoul |
| 2:14 | Unholy Aura |
| 2:18 | Ghoul |
| 2:52 | Acolyte |
| 2:54 | Ghoul |
| 3:21 | Ghoul |
| 3:27 | Acolyte |
| 3:44 | Unholy Armor |
| 3:58 | Ziggurat |
| 4:01 | Ghoul |
| 4:08 | Ghoul |
| 4:25 | Ghoul |
| 4:52 | Nerubian Tower |
| 5:06 | Acolyte |
| 5:23 | Crypt Fiend |
| 5:25 | Unholy Strength |
| 5:31 | Ziggurat |
| 5:47 | Ghoul |
| 6:43 | Halls of the Dead |
| 6:46 | Ghoul |
| 7:11 | Crypt Fiend |
| 7:13 | Death Coil |
| 7:21 | Spirit Tower |
| 8:03 | Tomb of Relics |
| 8:09 | Ghoul |
| 9:09 | Web |
| 9:21 | Acolyte |
| 9:28 | Temple of the Damned |
| 9:36 | Crypt Fiend |
| 9:40 | Creature Attack |
| 9:55 | Black Citadel |
| 10:01 | Ziggurat |
| 10:11 | Vampiric Aura |
| 10:17 | Crypt Fiend |
| 10:30 | Skeletal Mastery |
| 11:24 | Necromancer Adept Training |
| 11:35 | Improved Unholy Armor |
| 12:32 | Crypt Fiend |
| 12:35 | Necromancer Master Training |
| 14:03 | Creature Carapace |
| 14:06 | Crypt Fiend |
| 14:07 | Necromancer |
| 14:16 | Unholy Aura |
| 14:25 | Sleep |
| 14:31 | Necromancer |
| 14:38 | Crypt Fiend |
| 15:18 | Improved Creature Attack |
| 15:27 | Ziggurat |
| 18:07 | Slaughterhouse |
| 18:10 | Slaughterhouse |
| 19:06 | Necromancer |
| 19:09 | Exhume Corpses |
| 19:12 | Meat Wagon |
| 19:15 | Spirit Tower |
| 19:18 | Ziggurat |
| 19:34 | Acolyte |
| 19:34 | Acolyte |
| 19:43 | Ziggurat |
| 19:48 | Meat Wagon |
| 19:50 | Meat Wagon |
| 20:07 | Ghoul |
| 20:10 | Ghoul |
| 20:16 | Meat Wagon |
| 20:24 | Ziggurat |
| 20:25 | Ziggurat |
| 23:07 | Meat Wagon |
| 23:07 | Meat Wagon |
| 23:40 | Spirit Tower |
| 23:49 | Necromancer |
| 23:50 | Necromancer |
| 23:51 | Crypt Fiend |
| 24:18 | Meat Wagon |
| 24:18 | Meat Wagon |
| 24:59 | Necromancer |
| 28:32 | Necropolis |
| 29:00 | Meat Wagon |
| 29:08 | Chimaera |
| 29:11 | Chimaera |
| 30:14 | Chimaera |
| 30:15 | Chimaera |
| 32:28 | Chimaera |
| 32:28 | Chimaera |
| 34:10 | Ancient Protector |
| 37:20 | Necropolis |
| 38:02 | Necropolis |
| 38:31 | Necropolis |
| 39:54 | Tree of Life |
| Right click | 990 |
| Select | 416 |
| Build/train/purchase | 79 |
| Select group | 64 |
| Misc. action | 51 |
| Chat | 41 |
| Assign group | 38 |
| Use ability | 20 |
| Resource trade | 15 |
| Minimap ping | 1 |
77 units @ 6.3k
/ 0.3k
296 buildings @ 19.6k
/ 9.8k



x1)
| Staff of Sanctuary | 3 | 750 |
| Orb of Fire | 1 | 325 |
| Boots of Speed | 3 | 750 |
| Staff of Teleportation | 3 | 450 |
| Tome of Retraining | 1 | 300 |
| Orb of Lightning | 1 | 375 |
| Orb of Venom | 1 | 325 |
| Ancient Janggo of Endurance | 1 | 500 |
| Pendant of Energy | 1 | 300 |
| Medallion of Courage | 1 | 500 |
| total: | 16 | 4575g |
| Peasant | 18 | 1350 | / | 0 |
| Priest | 2 | 270 | / | 20 |
| Goblin Zeppelin | 1 | 240 | / | 60 |
| total: | 21 | 1860g | / | 80w |
| Scout Tower | 103 | 3090 | / | 2060 |
| Guard Tower | 36 | 2520 | / | 1800 |
| Arcane Tower | 8 | 560 | / | 400 |
| Altar of Kings | 1 | 180 | / | 50 |
| Farm | 7 | 560 | / | 140 |
| Lumber Mill | 1 | 120 | / | 0 |
| Arcane Vault | 4 | 520 | / | 120 |
| Town Hall | 1 | 385 | / | 205 |
| Arcane Sanctum | 2 | 300 | / | 280 |
| Keep | 1 | 320 | / | 210 |
| Castle | 1 | 360 | / | 210 |
| total: | 119 | 5155g | / | 2855w |
| 0:02 | Peasant |
| 0:13 | Peasant |
| 0:21 | Altar of Kings |
| 0:32 | Peasant |
| 0:43 | Peasant |
| 0:45 | Farm |
| 0:52 | Lumber Mill |
| 0:53 | Peasant |
| 1:07 | Peasant |
| 1:10 | Farm |
| 1:29 | Scout Tower |
| 1:30 | Scout Tower |
| 1:31 | Scout Tower |
| 1:31 | Peasant |
| 1:36 | Arcane Vault |
| 1:44 | Peasant |
| 1:50 | Scout Tower |
| 1:51 | Peasant |
| 2:02 | Scout Tower |
| 2:04 | Peasant |
| 2:13 | Scout Tower |
| 2:13 | Scout Tower |
| 2:16 | Peasant |
| 2:24 | Guard Tower |
| 2:31 | Arcane Tower |
| 2:33 | Summon Water Elemental |
| 2:36 | Scout Tower |
| 2:41 | Scout Tower |
| 2:42 | Arcane Tower |
| 2:48 | Guard Tower |
| 2:53 | Peasant |
| 2:53 | Peasant |
| 2:53 | Peasant |
| 3:01 | Scout Tower |
| 3:02 | Scout Tower |
| 3:02 | Scout Tower |
| 3:10 | Scout Tower |
| 3:10 | Scout Tower |
| 3:17 | Guard Tower |
| 3:20 | Improved Masonry |
| 3:23 | Guard Tower |
| 3:24 | Scout Tower |
| 3:42 | Keep |
| 3:45 | Farm |
| 4:06 | Guard Tower |
| 4:10 | Arcane Tower |
| 4:24 | Farm |
| 4:34 | Guard Tower |
| 4:35 | Scout Tower |
| 4:37 | Guard Tower |
| 4:39 | Scout Tower |
| 4:40 | Scout Tower |
| 4:52 | Boots of Speed |
| 4:55 | Staff of Teleportation |
| 5:12 | Brilliance Aura |
| 6:02 | Guard Tower |
| 6:03 | Scout Tower |
| 6:13 | Arcane Vault |
| 6:23 | Guard Tower |
| 6:37 | Advanced Masonry |
| 6:38 | Improved Lumber Harvesting |
| 6:53 | Arcane Sanctum |
| 7:35 | Storm Bolt |
| 7:51 | Arcane Sanctum |
| 8:08 | Guard Tower |
| 8:09 | Scout Tower |
| 8:11 | Scout Tower |
| 8:12 | Scout Tower |
| 8:19 | Castle |
| 8:24 | Scout Tower |
| 8:24 | Scout Tower |
| 8:24 | Scout Tower |
| 8:25 | Guard Tower |
| 9:23 | Guard Tower |
| 9:29 | Priest Adept Training |
| 9:29 | Priest |
| 9:32 | Arcane Vault |
| 9:38 | Summon Water Elemental |
| 9:49 | Guard Tower |
| 9:50 | Scout Tower |
| 9:51 | Scout Tower |
| 10:01 | Scout Tower |
| 10:02 | Scout Tower |
| 10:08 | Goblin Zeppelin |
| 10:31 | Bash |
| 10:53 | Guard Tower |
| 10:55 | Scout Tower |
| 10:56 | Scout Tower |
| 11:00 | Guard Tower |
| 11:03 | Scout Tower |
| 11:05 | Scout Tower |
| 11:05 | Scout Tower |
| 11:18 | Priest Master Training |
| 11:37 | Imbued Masonry |
| 11:38 | Staff of Sanctuary |
| 11:40 | Staff of Sanctuary |
| 11:43 | Holy Light |
| 12:11 | Guard Tower |
| 12:58 | Boots of Speed |
| 12:59 | Boots of Speed |
| 13:25 | Town Hall |
| 13:28 | Scout Tower |
| 13:29 | Scout Tower |
| 13:29 | Scout Tower |
| 13:31 | Scout Tower |
| 13:32 | Scout Tower |
| 13:32 | Scout Tower |
| 13:33 | Scout Tower |
| 13:33 | Scout Tower |
| 13:34 | Scout Tower |
| 13:35 | Scout Tower |
| 13:37 | Scout Tower |
| 13:37 | Scout Tower |
| 13:38 | Scout Tower |
| 13:38 | Scout Tower |
| 13:39 | Scout Tower |
| 13:39 | Scout Tower |
| 13:45 | Guard Tower |
| 13:48 | Scout Tower |
| 13:49 | Scout Tower |
| 13:50 | Scout Tower |
| 13:51 | Scout Tower |
| 13:52 | Scout Tower |
| 13:55 | Scout Tower |
| 13:55 | Scout Tower |
| 14:10 | Farm |
| 14:41 | Guard Tower |
| 15:00 | Scout Tower |
| 15:02 | Scout Tower |
| 15:04 | Scout Tower |
| 15:05 | Scout Tower |
| 15:05 | Scout Tower |
| 15:07 | Scout Tower |
| 15:07 | Scout Tower |
| 15:08 | Scout Tower |
| 15:08 | Scout Tower |
| 15:08 | Scout Tower |
| 15:09 | Scout Tower |
| 15:10 | Scout Tower |
| 15:11 | Scout Tower |
| 15:12 | Scout Tower |
| 15:13 | Scout Tower |
| 15:21 | Farm |
| 15:24 | Storm Bolt |
| 15:30 | Divine Shield |
| 15:39 | Arcane Tower |
| 15:44 | Farm |
| 15:48 | Guard Tower |
| 15:57 | Staff of Sanctuary |
| 16:00 | Orb of Fire |
| 16:15 | Guard Tower |
| 16:23 | Guard Tower |
| 16:29 | Guard Tower |
| 16:40 | Staff of Teleportation |
| 16:47 | Guard Tower |
| 16:51 | Arcane Tower |
| 16:52 | Guard Tower |
| 16:56 | Guard Tower |
| 16:58 | Scout Tower |
| 16:58 | Scout Tower |
| 16:59 | Scout Tower |
| 17:00 | Guard Tower |
| 17:02 | Scout Tower |
| 17:02 | Scout Tower |
| 17:05 | Scout Tower |
| 17:05 | Scout Tower |
| 17:08 | Arcane Vault |
| 17:09 | Scout Tower |
| 17:10 | Scout Tower |
| 17:21 | Guard Tower |
| 17:36 | Orb of Lightning |
| 18:00 | Guard Tower |
| 18:24 | Brilliance Aura |
| 19:07 | Guard Tower |
| 19:08 | Scout Tower |
| 19:09 | Scout Tower |
| 19:09 | Scout Tower |
| 19:13 | Guard Tower |
| 19:42 | Priest |
| 19:52 | Orb of Venom |
| 20:18 | Scout Tower |
| 20:19 | Scout Tower |
| 20:19 | Scout Tower |
| 20:20 | Scout Tower |
| 20:20 | Scout Tower |
| 20:21 | Scout Tower |
| 20:23 | Peasant |
| 20:23 | Peasant |
| 20:23 | Peasant |
| 20:23 | Peasant |
| 20:29 | Arcane Tower |
| 20:30 | Guard Tower |
| 20:31 | Scout Tower |
| 20:32 | Scout Tower |
| 20:32 | Scout Tower |
| 21:08 | Guard Tower |
| 21:09 | Scout Tower |
| 21:10 | Scout Tower |
| 21:15 | Staff of Teleportation |
| 21:20 | Guard Tower |
| 21:46 | Tome of Retraining |
| 21:46 | Retrain Hero |
| 21:47 | Blizzard |
| 21:48 | Brilliance Aura |
| 22:30 | Guard Tower |
| 22:34 | Scout Tower |
| 22:34 | Scout Tower |
| 22:35 | Scout Tower |
| 22:35 | Scout Tower |
| 23:21 | Bash |
| 23:23 | Holy Light |
| 23:27 | Guard Tower |
| 24:24 | Ancient Janggo of Endurance |
| 24:31 | Pendant of Energy |
| 24:45 | Arcane Tower |
| 24:46 | Guard Tower |
| 24:51 | Scout Tower |
| 24:51 | Scout Tower |
| 24:53 | Scout Tower |
| 24:53 | Scout Tower |
| 26:37 | Blizzard |
| 28:05 | Divine Shield |
| 30:20 | Medallion of Courage |
| 34:06 | Arcane Tower |
| 35:17 | Storm Bolt |
| 37:07 | Holy Light |
| 37:19 | Brilliance Aura |
| 38:13 | Advanced Lumber Harvesting |
| Right click | 2005 |
| Select group | 1404 |
| Chat | 499 |
| Select | 476 |
| Assign group | 354 |
| Build/train/purchase | 150 |
| Use ability | 134 |
| Misc. action | 58 |
| Item give/drop | 13 |
| Resource trade | 13 |
| Minimap ping | 1 |


| Staff of Preservation | 2 | 300 |
| Orb of Venom | 1 | 325 |
| Boots of Speed | 2 | 500 |
| Staff of Teleportation | 2 | 300 |
| Circlet of Nobility | 1 | 175 |
| Periapt of Vitality | 1 | 325 |
| Khadgar's Pipe of Insight | 1 | 500 |
| total: | 10 | 2425g |
| Wisp | 22 | 1320 | / | 0 |
| total: | 22 | 1320g | / | 0w |
| Altar of Elders | 1 | 180 | / | 50 |
| Moon Well | 15 | 2700 | / | 600 |
| Ancient of Wonders | 7 | 630 | / | 210 |
| Hunter's Hall | 1 | 210 | / | 100 |
| Tree of Life | 1 | 340 | / | 185 |
| Tree of Ages | 1 | 320 | / | 180 |
| Tree of Eternity | 1 | 330 | / | 200 |
| total: | 25 | 4060g | / | 1145w |
| 0:03 | Wisp |
| 0:04 | Wisp |
| 0:09 | Altar of Elders |
| 0:13 | Moon Well |
| 0:26 | Wisp |
| 0:41 | Wisp |
| 0:59 | Wisp |
| 1:06 | Wisp |
| 1:29 | Wisp |
| 1:39 | Wisp |
| 1:55 | Wisp |
| 2:08 | Entangling Roots |
| 2:14 | Moon Well |
| 2:29 | Wisp |
| 2:30 | Wisp |
| 2:46 | Wisp |
| 2:58 | Wisp |
| 3:29 | Moon Well |
| 3:32 | Wisp |
| 3:32 | Wisp |
| 4:15 | Tree of Ages |
| 4:28 | Moon Well |
| 4:32 | Moon Well |
| 5:29 | Boots of Speed |
| 5:29 | Staff of Teleportation |
| 6:49 | Rain of Fire |
| 6:57 | Ancient of Wonders |
| 7:03 | Thorns Aura |
| 7:09 | Tree of Eternity |
| 9:19 | Hunter's Hall |
| 9:34 | Cleaving Attack |
| 10:43 | Well Spring |
| 10:50 | Tree of Life |
| 11:36 | Entangling Roots |
| 11:40 | Boots of Speed |
| 11:40 | Staff of Teleportation |
| 11:41 | Circlet of Nobility |
| 11:59 | Periapt of Vitality |
| 12:12 | Staff of Preservation |
| 12:26 | Orb of Venom |
| 14:14 | Staff of Preservation |
| 14:43 | Rain of Fire |
| 16:25 | Ancient of Wonders |
| 16:26 | Ancient of Wonders |
| 16:27 | Ancient of Wonders |
| 16:30 | Ancient of Wonders |
| 16:30 | Ancient of Wonders |
| 16:31 | Wisp |
| 16:31 | Wisp |
| 17:26 | Ancient of Wonders |
| 19:47 | Moon Well |
| 19:48 | Moon Well |
| 19:50 | Wisp |
| 19:50 | Wisp |
| 19:50 | Wisp |
| 19:50 | Wisp |
| 19:58 | Moon Well |
| 20:00 | Moon Well |
| 20:03 | Wisp |
| 20:57 | Ultravision |
| 21:00 | Moon Well |
| 21:00 | Moon Well |
| 21:10 | Moon Well |
| 21:34 | Thorns Aura |
| 23:27 | Moon Well |
| 23:30 | Moon Well |
| 23:32 | Moon Well |
| 27:19 | Cleaving Attack |
| 29:13 | Entangling Roots |
| 30:50 | Khadgar's Pipe of Insight |
| Right click | 1901 |
| Select | 574 |
| Select group | 360 |
| Resource trade | 150 |
| Assign group | 113 |
| Use ability | 112 |
| Chat | 61 |
| Build/train/purchase | 59 |
| Misc. action | 44 |
| Minimap ping | 6 |
| Item give/drop | 4 |
| Esc | 1 |



| Healing Salve | 4 | 400 |
| Lesser Clarity Potion | 3 | 210 |
| Orb of Lightning | 2 | 750 |
| Boots of Speed | 3 | 750 |
| Staff of Teleportation | 4 | 600 |
| Staff of Sanctuary | 3 | 750 |
| total: | 19 | 3460g |
| Peon | 11 | 825 | / | 0 |
| Troll Batrider | 6 | 960 | / | 240 |
| total: | 17 | 1785g | / | 240w |
| Watch Tower | 33 | 3630 | / | 2640 |
| Altar of Storms | 1 | 180 | / | 50 |
| Orc Burrow | 5 | 800 | / | 200 |
| War Mill | 1 | 205 | / | 0 |
| Voodoo Lounge | 5 | 650 | / | 150 |
| Barracks | 1 | 180 | / | 50 |
| Beastiary | 2 | 290 | / | 280 |
| Stronghold | 1 | 315 | / | 190 |
| Fortress | 1 | 325 | / | 190 |
| total: | 48 | 5935g | / | 3370w |
| 0:02 | Peon |
| 0:02 | Peon |
| 0:09 | Altar of Storms |
| 0:15 | Peon |
| 0:18 | Orc Burrow |
| 0:29 | War Mill |
| 0:42 | Peon |
| 0:56 | Peon |
| 1:10 | Voodoo Lounge |
| 1:13 | Voodoo Lounge |
| 1:17 | Peon |
| 1:25 | Peon |
| 1:33 | Peon |
| 1:43 | Watch Tower |
| 1:48 | Peon |
| 1:57 | Watch Tower |
| 2:01 | Peon |
| 2:08 | Wind Walk |
| 2:15 | Healing Salve |
| 2:17 | Lesser Clarity Potion |
| 2:17 | Lesser Clarity Potion |
| 2:33 | Peon |
| 2:47 | Watch Tower |
| 2:54 | Watch Tower |
| 3:21 | Stronghold |
| 3:53 | Watch Tower |
| 4:08 | Boots of Speed |
| 4:08 | Staff of Teleportation |
| 4:10 | Staff of Teleportation |
| 4:28 | Orc Burrow |
| 5:07 | Watch Tower |
| 5:22 | Watch Tower |
| 5:48 | Watch Tower |
| 6:15 | Fortress |
| 6:42 | Healing Salve |
| 6:43 | Lesser Clarity Potion |
| 6:43 | Healing Salve |
| 6:45 | Shockwave |
| 6:59 | Critical Strike |
| 8:01 | Watch Tower |
| 8:03 | Watch Tower |
| 9:17 | Reinforced Defenses |
| 9:19 | Watch Tower |
| 9:20 | Watch Tower |
| 9:46 | Healing Wave |
| 9:47 | Orb of Lightning |
| 10:05 | Watch Tower |
| 10:12 | Voodoo Lounge |
| 10:14 | Voodoo Lounge |
| 10:23 | Endurance Aura |
| 10:29 | Voodoo Lounge |
| 10:45 | Watch Tower |
| 10:45 | Watch Tower |
| 10:46 | Watch Tower |
| 10:47 | Watch Tower |
| 10:47 | Watch Tower |
| 10:49 | Watch Tower |
| 11:35 | Wind Walk |
| 13:50 | Orc Burrow |
| 13:52 | Orc Burrow |
| 14:15 | Healing Salve |
| 14:24 | Staff of Sanctuary |
| 14:59 | Orb of Lightning |
| 15:21 | Boots of Speed |
| 15:21 | Staff of Teleportation |
| 16:28 | Watch Tower |
| 16:28 | Watch Tower |
| 16:41 | Staff of Sanctuary |
| 17:00 | Boots of Speed |
| 17:23 | Staff of Teleportation |
| 17:38 | Hex |
| 18:16 | Shockwave |
| 19:17 | Staff of Sanctuary |
| 19:29 | Watch Tower |
| 19:29 | Watch Tower |
| 19:30 | Watch Tower |
| 21:34 | Critical Strike |
| 22:09 | Healing Wave |
| 23:42 | Watch Tower |
| 23:43 | Watch Tower |
| 23:43 | Watch Tower |
| 24:19 | Endurance Aura |
| 24:40 | Hex |
| 25:38 | Beastiary |
| 25:39 | Beastiary |
| 25:40 | Barracks |
| 26:09 | Critical Strike |
| 27:33 | Troll Regeneration |
| 27:35 | Liquid Fire |
| 27:35 | Steel Ranged Weapons |
| 28:49 | Orc Burrow |
| 29:02 | Watch Tower |
| 29:02 | Watch Tower |
| 29:03 | Watch Tower |
| 29:03 | Watch Tower |
| 29:03 | Watch Tower |
| 29:04 | Watch Tower |
| 29:06 | Troll Batrider |
| 29:06 | Troll Batrider |
| 29:07 | Troll Batrider |
| 29:07 | Troll Batrider |
| 30:10 | Troll Batrider |
| 30:10 | Troll Batrider |
| 31:29 | Shockwave |
| 31:49 | Healing Wave |
| 34:27 | Bladestorm |
| Right click | 3043 |
| Select group | 698 |
| Select | 680 |
| Chat | 149 |
| Use ability | 116 |
| Build/train/purchase | 97 |
| Misc. action | 35 |
| Minimap ping | 31 |
| Assign group | 8 |
| Item give/drop | 7 |
| Remove unit | 1 |



x1)
x1)
| Staff of Sanctuary | 3 | 750 |
| Orb of Fire | 1 | 325 |
| Staff of Teleportation | 3 | 450 |
| Boots of Speed | 4 | 1000 |
| Periapt of Vitality | 2 | 650 |
| Tome of Retraining | 2 | 600 |
| Orb of Lightning | 2 | 750 |
| Healing Salve | 1 | 100 |
| Legion Doom-Horn | 1 | 500 |
| Claws of Attack +12 | 2 | 1000 |
| Medallion of Courage | 1 | 500 |
| Helm of Valor | 1 | 500 |
| total: | 23 | 7125g |
| Peasant | 16 | 1200 | / | 0 |
| Priest | 1 | 135 | / | 10 |
| total: | 17 | 1335g | / | 10w |
| Scout Tower | 92 | 2760 | / | 1840 |
| Arcane Tower | 6 | 420 | / | 300 |
| Guard Tower | 36 | 2520 | / | 1800 |
| Altar of Kings | 1 | 180 | / | 50 |
| Farm | 4 | 320 | / | 80 |
| Lumber Mill | 2 | 240 | / | 0 |
| Town Hall | 1 | 385 | / | 205 |
| Arcane Vault | 3 | 390 | / | 90 |
| Arcane Sanctum | 1 | 150 | / | 140 |
| Keep | 1 | 320 | / | 210 |
| Castle | 1 | 360 | / | 210 |
| total: | 104 | 4425g | / | 2405w |
| 0:04 | Peasant |
| 0:04 | Peasant |
| 0:15 | Altar of Kings |
| 0:17 | Peasant |
| 0:28 | Farm |
| 0:33 | Peasant |
| 0:41 | Peasant |
| 0:49 | Lumber Mill |
| 1:05 | Scout Tower |
| 1:08 | Peasant |
| 1:15 | Peasant |
| 1:28 | Farm |
| 1:32 | Peasant |
| 1:33 | Arcane Tower |
| 1:36 | Peasant |
| 1:36 | Peasant |
| 1:55 | Peasant |
| 2:05 | Scout Tower |
| 2:11 | Scout Tower |
| 2:15 | Summon Water Elemental |
| 2:31 | Peasant |
| 2:31 | Peasant |
| 2:42 | Arcane Tower |
| 2:44 | Scout Tower |
| 2:45 | Peasant |
| 2:46 | Guard Tower |
| 2:47 | Scout Tower |
| 3:01 | Peasant |
| 3:09 | Scout Tower |
| 3:10 | Guard Tower |
| 3:23 | Guard Tower |
| 3:26 | Scout Tower |
| 3:34 | Scout Tower |
| 3:35 | Keep |
| 3:57 | Guard Tower |
| 3:59 | Guard Tower |
| 4:02 | Scout Tower |
| 4:03 | Guard Tower |
| 4:15 | Staff of Teleportation |
| 4:16 | Boots of Speed |
| 4:31 | Guard Tower |
| 4:33 | Scout Tower |
| 4:37 | Scout Tower |
| 4:47 | Farm |
| 4:47 | Farm |
| 4:49 | Improved Masonry |
| 5:02 | Guard Tower |
| 5:20 | Brilliance Aura |
| 5:40 | Guard Tower |
| 6:40 | Castle |
| 6:41 | Arcane Sanctum |
| 6:45 | Scout Tower |
| 6:46 | Scout Tower |
| 7:08 | Storm Bolt |
| 7:29 | Staff of Teleportation |
| 7:29 | Boots of Speed |
| 7:50 | Guard Tower |
| 7:52 | Scout Tower |
| 7:52 | Guard Tower |
| 7:55 | Magic Sentry |
| 7:56 | Advanced Masonry |
| 8:17 | Scout Tower |
| 8:18 | Scout Tower |
| 8:18 | Scout Tower |
| 8:19 | Scout Tower |
| 8:30 | Guard Tower |
| 8:32 | Scout Tower |
| 8:32 | Scout Tower |
| 8:33 | Scout Tower |
| 8:33 | Scout Tower |
| 8:38 | Priest |
| 8:38 | Priest Adept Training |
| 9:11 | Brilliance Aura |
| 9:49 | Imbued Masonry |
| 9:52 | Arcane Tower |
| 9:59 | Scout Tower |
| 10:00 | Scout Tower |
| 10:05 | Scout Tower |
| 10:05 | Scout Tower |
| 10:07 | Scout Tower |
| 10:09 | Priest Master Training |
| 10:35 | Holy Light |
| 10:48 | Town Hall |
| 10:52 | Guard Tower |
| 10:53 | Scout Tower |
| 10:53 | Scout Tower |
| 10:54 | Scout Tower |
| 10:55 | Scout Tower |
| 10:58 | Guard Tower |
| 11:08 | Guard Tower |
| 11:10 | Scout Tower |
| 11:10 | Scout Tower |
| 11:14 | Bash |
| 11:44 | Legion Doom-Horn |
| 11:55 | Claws of Attack +12 |
| 12:01 | Guard Tower |
| 12:05 | Arcane Vault |
| 12:06 | Arcane Vault |
| 12:07 | Arcane Vault |
| 12:10 | Guard Tower |
| 12:12 | Scout Tower |
| 12:12 | Scout Tower |
| 12:13 | Scout Tower |
| 12:15 | Guard Tower |
| 12:39 | Scout Tower |
| 12:42 | Guard Tower |
| 12:44 | Guard Tower |
| 12:46 | Scout Tower |
| 12:47 | Scout Tower |
| 12:48 | Scout Tower |
| 12:50 | Peasant |
| 12:52 | Scout Tower |
| 12:53 | Scout Tower |
| 12:54 | Scout Tower |
| 12:54 | Scout Tower |
| 12:59 | Staff of Teleportation |
| 12:59 | Boots of Speed |
| 13:13 | Periapt of Vitality |
| 13:34 | Guard Tower |
| 13:43 | Divine Shield |
| 14:25 | Claws of Attack +12 |
| 14:32 | Guard Tower |
| 14:42 | Guard Tower |
| 14:47 | Scout Tower |
| 14:48 | Scout Tower |
| 14:48 | Scout Tower |
| 14:48 | Scout Tower |
| 14:49 | Scout Tower |
| 14:50 | Scout Tower |
| 14:51 | Guard Tower |
| 14:54 | Scout Tower |
| 14:55 | Scout Tower |
| 14:55 | Scout Tower |
| 14:56 | Scout Tower |
| 14:56 | Scout Tower |
| 14:57 | Scout Tower |
| 14:58 | Scout Tower |
| 15:42 | Staff of Sanctuary |
| 15:46 | Staff of Sanctuary |
| 15:50 | Staff of Sanctuary |
| 16:02 | Scout Tower |
| 16:03 | Scout Tower |
| 16:04 | Scout Tower |
| 16:07 | Guard Tower |
| 16:18 | Boots of Speed |
| 16:18 | Tome of Retraining |
| 16:18 | Retrain Hero |
| 16:27 | Brilliance Aura |
| 16:27 | Brilliance Aura |
| 16:28 | Blizzard |
| 16:52 | Orb of Lightning |
| 16:55 | Orb of Fire |
| 17:11 | Guard Tower |
| 17:15 | Arcane Tower |
| 17:18 | Scout Tower |
| 17:19 | Scout Tower |
| 17:19 | Scout Tower |
| 17:20 | Scout Tower |
| 17:21 | Scout Tower |
| 17:24 | Scout Tower |
| 17:25 | Scout Tower |
| 17:25 | Scout Tower |
| 17:26 | Scout Tower |
| 17:33 | Guard Tower |
| 17:34 | Scout Tower |
| 17:39 | Scout Tower |
| 18:11 | Storm Bolt |
| 18:25 | Blizzard |
| 18:44 | Guard Tower |
| 18:46 | Scout Tower |
| 18:46 | Scout Tower |
| 18:47 | Scout Tower |
| 18:48 | Scout Tower |
| 18:57 | Arcane Tower |
| 19:07 | Scout Tower |
| 19:07 | Scout Tower |
| 19:14 | Healing Salve |
| 19:17 | Orb of Lightning |
| 19:21 | Guard Tower |
| 19:23 | Scout Tower |
| 19:24 | Scout Tower |
| 19:25 | Scout Tower |
| 19:32 | Medallion of Courage |
| 20:12 | Guard Tower |
| 20:14 | Scout Tower |
| 20:14 | Scout Tower |
| 20:15 | Scout Tower |
| 20:16 | Scout Tower |
| 20:22 | Periapt of Vitality |
| 20:30 | Guard Tower |
| 20:33 | Arcane Tower |
| 20:43 | Guard Tower |
| 21:21 | Guard Tower |
| 21:25 | Scout Tower |
| 21:25 | Scout Tower |
| 21:26 | Scout Tower |
| 21:26 | Scout Tower |
| 21:27 | Scout Tower |
| 21:28 | Scout Tower |
| 21:28 | Scout Tower |
| 21:29 | Scout Tower |
| 22:35 | Holy Light |
| 23:36 | Guard Tower |
| 23:39 | Guard Tower |
| 25:26 | Bash |
| 25:32 | Brilliance Aura |
| 25:36 | Guard Tower |
| 26:05 | Divine Shield |
| 27:06 | Helm of Valor |
| 28:52 | Tome of Retraining |
| 28:52 | Retrain Hero |
| 28:54 | Holy Light |
| 28:55 | Holy Light |
| 28:55 | Divine Shield |
| 28:55 | Devotion Aura |
| 29:49 | Storm Bolt |
| 32:08 | Lumber Mill |
| 32:57 | Mass Teleport |
| 35:12 | Holy Light |
| 38:15 | Avatar |
| Right click | 2315 |
| Select group | 1961 |
| Select | 380 |
| Use ability | 229 |
| Misc. action | 173 |
| Build/train/purchase | 158 |
| Chat | 96 |
| Minimap ping | 54 |
| Item give/drop | 20 |
| Assign group | 11 |
| Esc | 3 |
⇛